AoeStats
← SaMgAmEpLaY

Arabia

510614863Analyzed
1v1 RM · 1d ago on Oct 1, 2026· 53m 52s· 2 players
Game mode
Random Map
Map size
Tiny (2 player)
Population
200
Speed
Normal
Resources
Standard
Victory
Conquest
Starting age
Dark Age
Ending age
Imperial Age
RankedLock teamsTeams togetherTeam positionsShared explorationLock speedFull tech treeHidden civsTurbo modeCheats
Victory
Defeat
🇺🇸 Franks · United States
786
+16
🇲🇽 Bohemians · Mexico
777
-16
SaMgAmEpLaY
11:47 Feudal Age
12:24 Double-Bit Axe
13:35 Loom
18:07 Castle Age
17:02 Horse Collar
19:27 Bow Saw
22:31 Wheelbarrow
21:43 Town Watch
24:57 Scale Mail Armor
24:58 Padded Archer Armor
24:50 Pikeman
27:50 Crossbowman
31:12 Squires
31:34 Town Patrol
33:20 Chain Mail Armor
40:40 Murder Holes
50:08 Ballistics
50:49 Chemistry
TerrorTerp24
12:24 Feudal Age
13:47 Wheelbarrow
13:00 Double-Bit Axe
15:35 Stone Mining
21:28 Castle Age
20:34 Gold Mining
21:54 Forging
21:50 Scale Barding Armor
22:19 Bow Saw
22:47 Gold Shaft Mining
23:18 Hand Cart
25:41 Chain Barding Armor
25:57 Iron Casting
27:59 Husbandry
27:49 Town Watch
27:50 Loom
29:06 Town Patrol
52:06 Imperial Age
51:05 Scale Mail Armor
51:39 Fletching
52:05 Chain Mail Armor
Connection lost

Rejoining the realm…

Still unreachable

The connection could not be restored.

Session expired

The server has moved on; the page needs a fresh start.